 Dungeon Crawl Stone Soup version 0.27-a0-1278-g6cbc8dfb29 (webtiles) character file.

Game seed: 13287894727287958947

12684 hilljack the Geomancer (level 11, -3/54 HPs)
             Began as a Gargoyle Earth Elementalist on June 12, 2021.
             Was a High Priest of Fedhas.
             Slain by a blink frog (8 damage)
             ... on level 1 of the Lair of Beasts on June 13, 2021.
             The game lasted 00:42:06 (14953 turns).

hilljack the Geomancer (GrEE)                      Turns: 14953, Time: 00:42:06

Health: -3/54      AC: 21    Str: 12    XL:     11   Next: 97%
Magic:  20/20      EV: 11    Int: 22    God:    Fedhas [*****.]
Gold:   531        SH:  5    Dex: 10    Spells: 8/23 levels left

rFire    . . .     SeeInvis .   a - +2 short sword (venom)
rCold    . . .     Faith    .   j - +0 buckler
rNeg     + . .     Spirit   .   y - +0 acid dragon scales
rPois    ∞         Reflect  .   c - +2 helmet {Int+3}
rElec    +         Harm     .   (no cloak)
rCorr    +         Rampage  .   d - +1 pair of gloves
Will     .....     Rnd*Rage +   (no boots)
Stlth    +.........             g - amulet of magic regeneration
HPRegen  0.18/turn              (no ring)
MPRegen  0.42/turn              (no ring)

@: no status effects
A: sickness immunity, AC +8, negative energy resistance 1, electricity
resistance, torment resistance 1, petrification resistance, berserk 1
a: Renounce Religion, Wall of Briars, Grow Ballistomycete, Overgrow, Grow Oklob


You were on level 1 of the Lair of Beasts.
You worshipped Fedhas.
Fedhas was extremely pleased with you.
You visited 3 branches of the dungeon, and saw 11 of its levels.
You also visited: Sewer.

You collected 531 gold pieces.

Inventory:

Hand Weapons
 a - a +2 short sword of venom (weapon)
 b - a +2 vampiric short sword
 w - a +0 quarterstaff
 z - a +4 dagger of freezing
Missiles
 f - 62 bolts
 i - 145 stones
Armour
 c - a +2 helmet of intelligence (worn)
 d - a +1 pair of gloves (worn)
 j - a +0 buckler (worn)
 x - a +2 ring mail of fire resistance
 y - +0 acid dragon scales (worn)
Magical Staves
 B - a staff of poison
Jewellery
 g - an amulet of magic regeneration (around neck)
Wands
 e - a wand of charming (8)
 l - a wand of iceblast (11)
 u - a wand of paralysis (9)
Scrolls
 h - a scroll of torment {unknown}
 k - 2 scrolls of fear
 p - a scroll of teleportation
 r - 8 scrolls of identify
 t - a scroll of fog
Potions
 m - 3 potions of cancellation
 o - a potion of brilliance
 q - a potion of heal wounds
 s - a potion of flight
 v - 2 potions of might
 A - 3 potions of curing


   Skills:
 + Level 7.7 Armour
 - Level 1.5 Dodging
 - Level 2.1 Stealth
 - Level 5.5 Shields
 + Level 6.6 Spellcasting
 + Level 7.8 Conjurations
 - Level 8.0 Transmutations
 + Level 11.5 Earth Magic
 + Level 1.6 Invocations


You had 8 spell levels left.
You knew the following spells:

 Your Spells              Type           Power      Damage    Failure   Level
a - Sandblast             Erth           100%       2d20      1%          1
b - Passwall              Tmut/Erth      41%        N/A       1%          2
c - Stone Arrow           Conj/Erth      98%        3d13      1%          3
d - Lee's Rapid Deconstr  Erth           27%        3d16*     3%          5
e - Petrify               Tmut/Erth      50%        N/A       2%          4

Your spell library contained the following spells:

 Spells                   Type           Power      Damage    Failure   Level
 Magic Dart               Conj           100%       1d8       1%          1
 Conjure Flame            Conj/Fire      24%        6-21      8%          3
 Apportation              Tloc           14%        N/A       12%         1
 Mephitic Cloud           Conj/Pois/Air  18%        N/A       12%         3
 Blink                    Tloc           N/A        N/A       19%         2
 Call Imp                 Summ           7%         N/A       19%         2
 Slow                     Hex            7%         N/A       19%         2
 Lesser Beckoning         Tloc           3%         N/A       36%         3
 Tukima's Dance           Hex            7%         N/A       36%         3
 Alistair's Intoxication  Tmut/Pois      16%        N/A       54%         5
 Invisibility             Hex            3%         N/A       100%        6


Dungeon Overview and Level Annotations

Branches:
Dungeon (9/15)             Temple (1/1) D:5            Lair (1/6) D:9
  Sewer (visited)
    Orc: D:9-12

Altars:
Ashenzari
Cheibriados
Dithmenos
Elyvilon
Fedhas
Gozag
Hepliaklqana
Kikubaaqudgha
Makhleb
Nemelex Xobeh
Okawaru
Qazlal
Ru
Trog
Uskayaw
Vehumet
Wu Jian
Yredelemnul
Zin
The Shining One

Shops:
D:3 (=[

Annotations:
D:4 3 runed translucent doors, TODO's ghost, novice KoBr
D:8 2 runed translucent doors, doombilly's ghost, novice MiBe


Innate Abilities, Weirdness & Mutations

You are immune to sickness and miasma.
Your stone body is resilient. (AC +8)
You are immune to poison.
You resist negative energy. (rN+)
You are resistant to electric shocks. (rElec)
You are resistant to unholy torment.
You are immune to petrification.
You tend to lose your temper in combat.


Message History

You block the yak's attack.
You closely miss the yak.
The yak is heavily wounded.
The yak barely misses you.
You hit the yak.
The yak looks as sick as possible!
The yak is severely wounded.
The blink frog blinks!
The yak completely misses you.
You barely miss the yak.
The yak is severely wounded.
The blink frog blinks!
You block the yak's attack.
You hit the yak but do no damage.
The yak is severely wounded.
The yak gores you!
You closely miss the yak.
The yak is almost dead.
The yak gores you but does no damage.
The blink frog hits you but does no damage.
The blink frog blinks!
You barely miss the blink frog.
The blink frog is moderately wounded.
You kill the yak!
Fedhas appreciates your contribution to the ecosystem.
The blink frog barely misses you.
You hit the blink frog.
The blink frog is poisoned.
The blink frog is moderately wounded.
The blink frog hits you! The blink frog hits you.
You hit the blink frog.
The blink frog looks as sick as possible!
The blink frog is heavily wounded.
The blink frog hits you but does no damage.
The blink frog closely misses you. The blink frog hits you.
You closely miss the blink frog. You block the blink frog's attack.
The blink frog hits you but does no damage. x2
You closely miss the blink frog. The blink frog hits you!
* * * LOW HITPOINT WARNING * * *
The blink frog blinks!
A cane toad comes into view.
The blink frog hits you!
You die...
Fedhas appreciates your contribution to the ecosystem.

...........####.##
#.P#...#...............##
..........................
§.......................##
.........................#
....................##.##
......†#............####
.#F##...##.#..#.####.#
........F@§.......P#.#
..###..######..FP##.#
###..## #....##.#####
#.....#####............
#......................
#......................
#.P..#####.....##...##.
....P..# ##....##.####.
........ #....##......


You could see a cane toad (wandering) and 2 blink frogs.

Vanquished Creatures
  A two-headed ogre (D:9)
  A deep troll (D:9)
  Pikel (D:4)
  An ugly thing (D:7)
  A manticore (D:7)
  2 cane toads (Lair:1)
  Maggie (D:7)
  7 trolls
  A polar bear (Lair:1)
  Sigmund (D:5)
  2 wyverns
  17 yaks
  Eustachio (D:4)
  Grum (D:9)
  A steam dragon (D:9)
  6 water moccasins
  Duvessa (D:5)
  5 orc warriors
  2 ice beasts
  A black bear (D:5)
  A necrophage (D:7)
  3 wolves (D:9)
  2 ogres
  2 centaurs (D:9)
  2 lemures
  A phantom (D:4)
  2 bullfrogs (D:6)
  4 scorpions
  Dowan (D:5)
  5 killer bees (D:9)
  5 wights (D:8)
  2 electric eels
  4 howler monkeys (D:8)
  A bullfrog zombie (D:3)
  2 centaur skeletons
  4 hounds
  4 jellies
  7 orc priests
  A gnoll shaman (D:8)
  Ijyb (D:5)
  6 iguanas
  3 orc wizards
  A hound zombie (D:5)
  2 hound skeletons (D:4)
  A howler monkey zombie (D:6)
  14 gnolls
  6 adders
  A white imp (D:6)
  2 ufetubi
  2 adder skeletons
  5 worms
  2 dart slugs (D:3)
  26 orcs
  7 ball pythons
  4 bats
  5 endoplasms
  3 giant cockroaches (D:6)
  10 goblins
  4 hobgoblins
  8 jackals
  13 kobolds
  4 quokkas
  2 frilled lizards
  8 rats
  A fire vortex (Lair:1)
248 creatures vanquished.

Vanquished Creatures (others)
  An adder (D:6)
  An endoplasm (D:3)
  A quokka (D:3)
  A fungus (Lair:1)
  5 plants
9 creatures vanquished.

Grand Total: 257 creatures vanquished

Notes
Turn   | Place    | Note
-------+----------+-------------------------------------------
     0 | D:1      | hilljack the Gargoyle Earth Elementalist began the quest
                  | for the Orb.
     0 | D:1      | Reached XP level 1. HP: 10/10 MP: 3/3
   326 | D:1      | Reached skill level 4 in Earth Magic
   327 | D:1      | Reached XP level 2. HP: 15/15 MP: 1/5
   841 | D:1      | Found a faded altar of an unknown god.
   845 | D:1      | Became a worshipper of Fedhas Madash
   845 | D:1      | Reached * piety under Fedhas
  1023 | D:2      | Learned a level 2 spell: Passwall
  1172 | D:2      | Reached XP level 3. HP: 19/19 MP: 0/6
  1228 | D:2      | Reached skill level 1 in Conjurations
  1527 | D:2      | Reached skill level 5 in Earth Magic
  1533 | D:2      | Reached XP level 4. HP: 24/24 MP: 4/7
  1576 | D:2      | Reached ** piety under Fedhas
  2375 | D:3      | Reached XP level 5. HP: 10/28 MP: 4/9
  2626 | D:3      | Found Xit Upp's Antique Weapon Shoppe.
  2686 | D:3      | Found Titiawuy's Antique Armour Boutique.
  2745 | D:3      | Reached skill level 6 in Earth Magic
  2782 | D:3      | Found Duju's Jewellery Shop.
  2832 | D:3      | Found a white marble altar of Elyvilon.
  3117 | D:4      | Found an opulent altar of Gozag.
  3117 | D:4      | Noticed Pikel
  3117 | D:4      | Noticed a lemure
  3117 | D:4      | Noticed a lemure
  3117 | D:4      | Noticed a lemure
  3117 | D:4      | Noticed a lemure
  3362 | D:3      | Killed a lemure
  3567 | D:4      | Learned a level 3 spell: Stone Arrow
  3600 | D:4      | Reached XP level 6. HP: 32/32 MP: 6/10
  3885 | D:4      | Found a runed translucent gate.
  3886 | D:4      | Found a runed translucent gate.
  3886 | D:4      | Found a runed translucent gate.
  3904 | D:4      | Noticed TODO's ghost (novice KoBr)
  4239 | D:4      | Reached skill level 7 in Earth Magic
  4367 | D:4      | Reached *** piety under Fedhas
  4438 | D:4      | Reached XP level 7. HP: 36/36 MP: 4/12
  4534 | D:4      | Gained mutation: You tend to lose your temper in combat.
                  | [potion of mutation]
  4851 | D:4      | HP: 1/36 [Pikel (1)]
  4880 | D:4      | Killed Pikel
  4881 | D:4      | Reached skill level 8 in Earth Magic
  4881 | D:4      | Reached XP level 8. HP: 16/41 MP: 1/14
  4885 | D:5      | Entered Level 5 of the Dungeon
  5206 | D:4      | Learned a level 5 spell: Lee's Rapid Deconstruction
  5211 | D:4      | Learned a level 4 spell: Petrify
  5217 | D:4      | Noticed Eustachio
  5377 | D:4      | Reached skill level 9 in Earth Magic
  5506 | D:4      | Killed Eustachio
  5507 | D:4      | Reached skill level 5 in Spellcasting
  5507 | D:4      | Reached skill level 5 in Conjurations
  6162 | D:5      | Noticed Sigmund
  6167 | D:5      | Killed Sigmund
  6170 | D:5      | Reached skill level 10 in Earth Magic
  6251 | D:5      | Reached XP level 9. HP: 45/45 MP: 3/17
  6761 | D:5      | Reached skill level 1 in Shields
  7040 | D:5      | Noticed Ijyb
  7045 | D:5      | Killed Ijyb
  7233 | D:5      | Found a shadowy altar of Dithmenos.
  7331 | D:6      | Reached **** piety under Fedhas
  7350 | D:6      | Identified a scroll of acquirement
  7350 | D:6      | Acquired a +2 helmet of intelligence
  7406 | D:6      | Found a basalt altar of Yredelemnul.
  7430 | D:6      | Found a glowing drain.
  7434 | Sewer    | Entered a sewer
  7748 | D:6      | Found a radiant altar of Vehumet.
  7893 | D:6      | Found a burning altar of Makhleb.
  7893 | D:6      | Found a glowing silver altar of Zin.
  7894 | D:6      | Noticed an angel
  7894 | D:6      | Noticed a green death
  8008 | D:6      | Reached skill level 5 in Shields
  8396 | D:6      | Reached skill level 1 in Transmutations
  8620 | D:5      | Noticed Duvessa
  8620 | D:5      | Noticed Dowan
  8740 | D:5      | Killed Duvessa
  8844 | D:5      | Killed Dowan
  8927 | D:5      | Found a staircase to the Ecumenical Temple.
  9001 | Temple   | Entered the Ecumenical Temple
  9229 | D:7      | Noticed Maggie
  9403 | D:7      | Killed Maggie
  9404 | D:7      | Reached XP level 10. HP: 50/50 MP: 5/18
  9531 | D:7      | Reached skill level 1 in Armour
  9531 | D:7      | Reached skill level 5 in Transmutations
  9833 | D:7      | Noticed a manticore
  9983 | D:7      | Killed a manticore
 10062 | D:7      | Noticed a green ugly thing
 10069 | D:7      | Killed a green ugly thing
 11066 | D:8      | Found a large runed translucent door.
 11068 | D:8      | Found a large runed translucent door.
 11070 | D:8      | Noticed doombilly's ghost (novice MiBe)
 11100 | D:8      | Reached ***** piety under Fedhas
 11202 | D:8      | Found a sparkling altar of Nemelex Xobeh.
 11207 | D:8      | Found a hide-covered altar of Uskayaw.
 11208 | D:8      | Found a hazy altar of Hepliaklqana.
 11223 | D:8      | Found a snail-covered altar of Cheibriados.
 11240 | D:8      | Reached skill level 5 in Armour
 12301 | D:9      | Found a staircase to the Lair.
 12912 | D:9      | Reached XP level 11. HP: 54/54 MP: 9/19
 13059 | D:9      | Noticed an iron troll
 13341 | D:9      | Noticed a two-headed ogre
 13376 | D:9      | Killed a two-headed ogre
 13585 | D:9      | Noticed a deep troll
 13588 | D:9      | Reached skill level 11 in Earth Magic
 13597 | D:9      | Killed a deep troll
 14229 | D:9      | Noticed Grum
 14240 | D:9      | Killed Grum
 14621 | Lair:1   | Entered Level 1 of the Lair of Beasts
 14904 | Lair:1   | Reached skill level 1 in Invocations
 14953 | Lair:1   | Slain by a blink frog

Illustrated notes

Levels and vault maps discovered:
D:1:      zelgadis_glass_arrival_small, layout_rooms,
          hellmonk_ecumenical_altar_inner_sanctum, minmay_misc_feat_encased,
          chequers_hall_statues_corner_a
D:2:      layout_loops_ring
D:3:      wad_pebble_path, layout_basic, elyvilon_altar_4, serial_shops,
          nicolae_shop_overgrown_old_shop, nicolae_shop_statue_plus,
          nicolae_shop_statue_plus
D:4:      minmay_skewed_foursquare, layout_rooms, pf_just_have_faith,
          gammafunk_ghost_necromancy, grunt_ministairs_3, uniq_eustachio,
          uniq_pikel
D:5:      minmay_spotlight, layout_cave_pods, kennysheep_mini, temple_hall,
          uniq_sigmund, uniq_ijyb, uniq_duvessa
D:6:      layout_gridville, grunt_temple_overflow_order_and_chaos_2,
          vehumet_crystals, lemuel_doored_altar, gup_sewer_entry_bowl,
          kennysheep_generic_room_4
D:7:      minmay_chambers_of_sixes, layout_basic, uniq_maggie
D:8:      layout_loops_ring, cheibriados_altar_1, grunt_temple_overflow_open,
          ebering_ghost_disaster_area
D:9:      lemuel_troll_bridge, layout_grid_maze, lair_entry_dummy, uniq_grum
Temple:   nicolae_temple_figure_zero
Lair:1:   layout_gridlike

Skill      XL: |  1  2  3  4  5  6  7  8  9 10 11 |
---------------+----------------------------------+-----
Earth Magic    | 4 5 6 7 8 10 11 | 11.5
Conjurations   | 1 2 3 4 5 6 7 |  7.8
Spellcasting   | 3 4 5 6 |  6.6
Shields        | 5 |  5.5
Transmutations | 4 7 8 |  8.0
Armour         | 6 7 |  7.7
Invocations    | 1 |  1.6
Dodging        | |  1.5
Stealth        | |  2.1

Action                   |  1- 3 |  4- 6 |  7- 9 | 10-12 || total
-------------------------+-------+-------+-------+-------++-------
Melee: Broad axe         |    26 |       |       |       ||    26
       Short sword       |       |    43 |   152 |   167 ||   362
 Cast: Sandblast         |    35 |    63 |       |       ||    98
       Stone Arrow       |       |    24 |    84 |   139 ||   247
       Passwall          |       |     1 |       |     4 ||     5
       Petrify           |       |       |       |    17 ||    17
       Lee's Rapid Decon |       |       |       |    10 ||    10
Invok: Wall of Briars    |       |     2 |     1 |     1 ||     4
  Use: Potion            |     2 |     1 |     9 |     2 ||    14
       Scroll            |     1 |     5 |     6 |     4 ||    16
 Stab: Petrified         |       |       |       |    19 ||    19
       Petrifying        |       |       |       |     7 ||     7
Armor: Robe              |    21 |    30 |    97 |       ||   148
       Skin              |       |       |     4 |       ||     4
       Acid dragon scale |       |       |       |   111 ||   111
Dodge: Dodged            |    32 |    51 |   118 |   102 ||   303
Block: Buckler           |       |       |    29 |    47 ||    76

Table legend: (Time is in decaauts)
 A = Elapsed time spent in this place.
 B = Non-inter-level travel time spent in this place.
 C = Inter-level travel time spent in this place.
 D = Time resting spent in this place.
 E = Time spent auto-exploring this place.
 F = Levels seen in this place.
 G = Mean time per level.
                   A        B        C        D        E       F      G
               +--------+--------+--------+--------+--------+-----+--------+
         Total |  15044 |  14431 |    613 |   5552 |   6440 |  12 | 1253.7 |
       Dungeon |  14328 |  13726 |    602 |   5491 |   5997 |   9 | 1592.0 |
        Temple |    123 |    113 |     10 |      0 |    113 |   1 |  123.0 |
          Lair |    337 |    337 |      0 |     61 |    162 |   1 |  337.0 |
         Sewer |    254 |    254 |      0 |      0 |    168 |   1 |  254.0 |
               +--------+--------+--------+--------+--------+-----+--------+

Top non-repeatable levels by time:
     D:9: 2304 daAuts
     D:4: 2077 daAuts
     D:5: 1806 daAuts
     D:8: 1640 daAuts
     D:3: 1593 daAuts
     D:6: 1542 daAuts
     D:7: 1320 daAuts
     D:2: 1156 daAuts
     D:1: 886 daAuts
  Lair:1: 337 daAuts
   Sewer: 254 daAuts
  Temple: 123 daAuts
